 Dungeon Crawl Stone Soup version 0.31.0-11-ge490571c62 (webtiles) character file.

Game seed: 7906031226528736506

105 Gadfly the Insei (level 4, 35/35 HPs)
             Began as a Demonspawn Monk on Feb 2, 2024.
             Quit the game on level 2 of the Dungeon.
             The game lasted 00:02:05 (1654 turns).

Gadfly the Insei (Demonspawn Monk)                  Turns: 1654, Time: 00:02:05

Health: 35/35      AC:  3    Str: 14    XL:     4   Next: 53%
Magic:  4/4        EV: 13    Int: 10    God:
Gold:   50         SH:  0    Dex: 15    Spells: 3/3 levels left

rFire   . . .        b - +2 dagger (venom)
rCold   . . .        c - orb {light}
rNeg    . . .        a - +1 robe
rPois   .            (no helmet)
rElec   .            (no cloak)
rCorr   .            (no gloves)
SInv    .            (no boots)
Will    +....        (no amulet)
Stlth   +            h - ring of willpower
HPRegen 0.25/turn    (no ring)
MPRegen 0.18/turn

%: no passive effects
@: glowing
A: foul stench 2, magic regeneration
a: no special abilities


You were on level 2 of the Dungeon.
You visited 1 branch of the dungeon, and saw 2 of its levels.

You collected 50 gold pieces.

Inventory:

Hand Weapons
 b - a +2 dagger of venom (weapon)
 l - a +0 long sword of flaming
Armour
 a - a +1 robe (worn)
 c - an orb of light (worn)
Jewellery
 d - a ring of ice
 h - a ring of willpower (left hand)
Potions
 e - a potion of cancellation {unknown}
 f - a potion of resistance
 i - a potion of heal wounds {unknown}
 j - a potion of haste {unknown}
 k - a potion of enlightenment {unknown}


   Skills:
 - Level 3.0 Fighting
 + Level 3.1 Dodging
 * Level 3.4 Unarmed Combat
 * Level 1.9 Evocations
 * Level 1.7 Shapeshifting


You had 3 spell levels left.
You didn't know any spells.
Your spell library contained the following spells:

 Spells                   Type           Power      Damage    Failure   Level
 Dazzling Flash           Conj/Hex       0%         N/A       75%         3
 Mephitic Cloud           Conj/Alch/Air  0%         N/A       75%         3
 Curse of Agony           Necr           0%         N/A       100%        5
 Silence                  Hex/Air        0%         N/A       100%        5


Dungeon Overview and Level Annotations

Branches:
Dungeon (2/15)

Altars:


Innate Abilities, Weirdness & Mutations

You sometimes emit foul miasma when damaged in melee.
You regenerate magic rapidly.


Message History

No target in view!
No target in view!
No target in view!
You see here a ball python corpse.
You see here a ball python corpse.
You open the door.
Found a pair of boots.
There is an open door here.
You see here a +0 pair of boots.
Found a stone staircase leading down.
There is an open door here.
You open the door.
Found a stone staircase leading down.
No target in view!
There is an open door here.
A hobgoblin comes into view.
The hobgoblin shouts!
A hobgoblin is nearby!
A hobgoblin is nearby!
You hit the hobgoblin.
The hobgoblin is poisoned.
The hobgoblin is severely wounded.
The hobgoblin closely misses you.
You hit the hobgoblin.
You kill the hobgoblin!
No target in view!
No target in view!
No target in view!
No target in view!
No target in view!
You see here a hobgoblin corpse.
Done exploring.
No target in view!
Done exploring.
Done exploring.
As you read the scroll of identify, it crumbles to dust.
f - a potion of resistance Done exploring.
Done exploring.
Okay, then.
Are you sure you want to abandon this character and quit the game? (Confirm with "yes".)

### #.# #.# ..# #.# #.# ..# ###
#.# #.####### ..## #.# #.#
#.##....# ..>####.### #.#
#.##....# .....##...# #.#
#.##....#
...#.##†#.########.#####.##....#
...#..#.#........#.....#.##....##
##.##...########@###'''###......#
#.###..........##.......##....†.
#.# ############..#...#..##.##..
#.# ##..#.#.#.#..####.. #.# ###
##..#...#...#..##... #.#
#.###..#.#.#.#.#.#..##.. #.#
#.##..#...#.♣.#...#..##. #.#
#.#..#.#.#.#.#.#.#)#..#. ##.###
#.#.#...#...#...#...#.#)


There were no monsters in sight!

Vanquished Creatures
  Jessica (D:2)
  A gnoll (D:1)
  An adder (D:2)
  4 bats
  4 endoplasms
  2 giant cockroaches (D:1)
  8 goblins
  3 hobgoblins (D:2)
  14 jackals
  A quokka (D:1)
  3 ball pythons
  A frilled lizard (D:1)
  5 kobolds
  3 rats (D:1)
51 creatures vanquished.

Notes
Turn   | Place    | Note
-------+----------+-------------------------------------------
     0 | D:1      | Gadfly the Demonspawn Monk began the quest for the Orb.
     0 | D:1      | Reached XP level 1. HP: 18/18 MP: 1/1
    94 | D:1      | Gained mutation: You may rarely emit foul miasma when
                  | damaged in melee. [demonic ancestry]
    94 | D:1      | Reached XP level 2. HP: 16/24 MP: 2/2
   352 | D:1      | Reached skill level 1 in Evocations
   376 | D:1      | HP: 1/24 [goblin/+0 club (4)]
   488 | D:1      | Reached skill level 1 in Shapeshifting
   499 | D:1      | Gained mutation: You sometimes emit foul miasma when
                  | damaged in melee. [demonic ancestry]
   499 | D:1      | Reached XP level 3. HP: 26/29 MP: 3/3
  1238 | D:2      | Noticed Jessica
  1244 | D:2      | Killed Jessica
  1245 | D:2      | Gained mutation: You regenerate magic rapidly. [demonic
                  | ancestry]
  1245 | D:2      | Reached XP level 4. HP: 27/35 MP: 4/4
  1654 | D:2      | Quit the game

Illustrated notes

Levels and vault maps discovered:
D:1:      dpeg_arrival_radiant, layout_basic, st_stairs_12, fountainhead,
          minmay_hexomino_r4
D:2:      layout_basic, kennysheep_cluttered_room, uniq_jessica

Skill      XL: |  1  2  3 |
---------------+----------+-----
Evocations     | 1 |  1.9
Unarmed Combat | 3 |  3.4
Shapeshifting  | 1 |  1.7
Dodging        | 3 |  3.1
Fighting       | |  3.0

Action                     |  1- 3 |  4- 6 || total
---------------------------+-------+-------++-------
  Melee: Unarmed           |    45 |       ||    45
         Dagger            |    47 |    26 ||    73
    Use: Potion            |     2 |       ||     2
         Scroll            |     4 |     1 ||     5
 Armour: Robe              |    53 |     9 ||    62
  Dodge: Dodged            |    57 |    17 ||    74
